 Dungeon Crawl Stone Soup version 0.29-a0-911-g88e6f02907 (webtiles) character file.

Game seed: 13292608723889792580

432163 sanka the Impaler (level 23, -4/198 HPs)
             Began as a Gnoll Conjurer on July 23, 2022.
             Was the Champion of Ashenzari.
             Slain by a titan (33 damage)
             ... on level 5 of the Vaults on July 25, 2022.
             The game lasted 03:48:06 (84652 turns).

sanka the Impaler (Gnoll Conjurer)                 Turns: 84652, Time: 03:48:07

Health: -4/198     AC: 25    Str:  7    XL:     23   Next: 93%
Magic:  13/47      EV: 31    Int: 35    God:    Ashenzari [******]
Gold:   4287       SH:  0    Dex: 12    Spells: 4/63 levels left

rFire   + . .      SeeInvis +     - Unarmed
rCold   . . .      Faith    .   (shield currently unavailable)
rNeg    . . .      Spirit   .   (body armour currently unavailable)
rPois   ∞          Reflect  .   (helmet currently unavailable)
rElec   +          Harm     .   (cloak currently unavailable)
rCorr   .          Rampage  .   (gloves currently unavailable)
Will    +....      Clarity  +   (boots currently unavailable)
Stlth   +++++++...              x - amulet of the Unveiling Planets {Acrobat, Bglg, Cun} (curse)
HPRegen 0.43/turn               T - ring "Unveiling Augurer" {rElec rF+ AC+4 Int+2, Elem, Self} (curse)
MPRegen 0.30/turn               R - ring of the Cosmic Prison {Int+6, Self, Elem} (curse)

@: storm-form, flying, studying 2 skills
A: cleaving, insubstantial, flying, (fangs 1), strong nose, distributed training
}: 2/15 runes: serpentine, barnacled
a: Blinkbolt, End Transformation, Renounce Religion, Shatter the Chains


You were on level 5 of the Vaults.
You worshipped Ashenzari.
Ashenzari was exalted by your worship.
You were a lightning-filled tempest!
You visited 8 branches of the dungeon, and saw 40 of its levels.
You also visited: Ossuary, Bailey, Ice Cave and Desolation.

You collected 6959 gold pieces.
You spent 2672 gold pieces at shops.


Innate Abilities, Weirdness & Mutations

You are a lightning-filled tempest!
Your electrical attacks strike out in all directions at once.
You are incredibly evasive.
Your insubstantial body is immune to petrification, constriction, and being set on fire You are flying.
You are immune to poison.
Your armour is entirely melded.
You are incapable of wielding weapons or throwing items.
((You have very sharp teeth.))
Your uncanny sense of smell can sniff out nearby items.
Your experience applies equally to all skills.


   Skills:
 + Level 16.5(20.3) Fighting
 + Level 16.5 Short Blades
 + Level 16.5 Long Blades
 + Level 16.5 Axes
 + Level 16.5 Maces & Flails
 + Level 19.9 Polearms
 + Level 16.5 Staves
 + Level 16.5 Ranged Weapons
 + Level 16.5 Throwing
 + Level 16.5 Armour
 + Level 17.1(19.6) Dodging
 + Level 17.0(19.5) Stealth
 + Level 16.5 Shields
 + Level 16.5 Unarmed Combat
 + Level 17.2(20.9) Spellcasting
 + Level 15.6(18.1) Conjurations
 + Level 14.1(16.6) Hexes
 + Level 14.1 Summonings
 + Level 14.1 Necromancy
 + Level 14.1(16.6) Translocations
 + Level 14.1 Transmutations
 + Level 14.1(18.0) Fire Magic
 + Level 16.5(20.3) Ice Magic
 + Level 14.1(18.0) Air Magic
 + Level 14.1(18.0) Earth Magic
 + Level 14.1 Poison Magic
 + Level 17.9 Invocations
 + Level 16.5 Evocations


You had 4 spell levels left.
You knew the following spells:

 Your Spells              Type           Power      Damage    Failure   Level
i - Maxwell's Capacitive  Air            52%        ∞         3%          8
o - Storm Form            Tmut/Air       49%        N/A       1%          7
u - Ignition              Fire           52%        3d14      3%          8
v - Lehudib's Crystal Sp  Conj/Erth      52%        10d12     3%          8
y - Starburst             Conj/Fire      52%        6d14      1%          6
z - Magic Dart            Conj           100%       1d8       0%          1
C - Dragon Form           Tmut           47%        N/A       1%          7
V - Fire Storm            Conj/Fire      52%        8d13      45%         9
X - Irradiate             Conj/Tmut      49%        3d28      1%          5

Your spell library contained the following spells:

 Spells                   Type           Power      Damage    Failure   Level
 Apportation              Tloc           100%       N/A       0%          1
 Beastly Appendage        Tmut           100%       N/A       0%          1
 Foxfire                  Conj/Fire      100%       2x1d9     0%          1
 Shock                    Conj/Air       100%       1d9       0%          1
 Slow                     Hex            100%       N/A       0%          1
 Summon Small Mammal      Summ           100%       N/A       0%          1
 Call Imp                 Summ           94%        N/A       0%          2
 Searing Ray              Conj           100%       2d8       0%          2
 Static Discharge         Conj/Air       100%       3-16/arc  0%          2
 Sublimation of Blood     Necr           94%        N/A       0%          2
 Wereblood                Tmut           94%        N/A       0%          2
 Call Canine Familiar     Summ           94%        N/A       0%          3
 Confusing Touch          Hex            100%       N/A       0%          3
 Dazzling Flash           Conj/Hex       100%       N/A       0%          3
 Frozen Ramparts          Ice            100%       1d12      0%          3
 Gell's Gravitas          Tloc           100%       N/A       0%          3
 Mephitic Cloud           Conj/Pois/Air  100%       N/A       0%          3
 Portal Projectile        Hex/Tloc       100%       N/A       0%          3
 Spider Form              Tmut/Pois      94%        N/A       0%          3
 Stone Arrow              Conj/Erth      100%       3d13      0%          3
 Summon Guardian Golem    Hex/Summ       97%        N/A       0%          3
 Swiftness                Air            100%       N/A       0%          3
 Teleport Other           Tloc           100%       N/A       0%          3
 Tukima's Dance           Hex            100%       N/A       0%          3
 Vampiric Draining        Necr           94%        2d12      0%          3
 Airstrike                Air            52%        0-16+     0%          4
 Anguish                  Hex/Necr       48%        N/A       0%          4
 Cause Fear               Hex            50%        N/A       0%          4
 Fulminant Prism          Conj/Hex       51%        3d23      0%          4
 Hailstorm                Conj/Ice       100%       3d20      0%          4
 Ice Form                 Ice/Tmut       100%       N/A       0%          4
 Iskenderun's Mystic Bla  Conj/Tloc      100%       2d19      0%          4
 Leda's Liquefaction      Hex/Erth       51%        N/A       0%          4
 Passage of Golubria      Tloc           100%       N/A       0%          4
 Summon Ice Beast         Ice/Summ       100%       N/A       0%          4
 Summon Lightning Spire   Summ/Air       99%        N/A       0%          4
 Animate Dead             Necr           94%        N/A       1%          4
 Olgreb's Toxic Radiance  Pois           94%        N/A       1%          4
 Iskenderun's Battlesphe  Conj           100%       2d15      0%          5
 Lee's Rapid Deconstruct  Erth           52%        3d25*     0%          5
 Lightning Bolt           Conj/Air       52%        1d73      0%          5
 Agony                    Necr           94%        N/A       1%          5
 Alistair's Intoxication  Tmut/Pois      62%        N/A       1%          5
 Blade Hands              Tmut           47%        N/A       1%          5
 Borgnjor's Vile Clutch   Necr/Erth      49%        N/A       1%          5
 Silence                  Hex/Air        51%        N/A       1%          5
 Summon Forest            Summ/Tloc      48%        N/A       1%          5
 Yara's Violent Unravell  Hex/Tmut       48%        3d19      1%          5
 Death Channel            Necr           47%        N/A       1%          6
 Dispersal                Tloc           50%        N/A       1%          6
 Eringya's Noxious Bog    Tmut/Pois      47%        N/A       1%          6
 Iron Shot                Conj/Erth      52%        9d10      1%          6
 Simulacrum               Ice/Necr       51%        N/A       1%          6
 Enfeeble                 Hex            50%        N/A       1%          7
 Haunt                    Necr/Summ      47%        N/A       1%          7
 Orb of Destruction       Conj           52%        9d13      1%          7
 Ozocubu's Refrigeration  Ice            54%        4d15      1%          7
 Spellforged Servitor     Conj/Summ      49%        N/A       1%          7
 Summon Hydra             Summ           47%        N/A       1%          7
 Disjunction              Tloc           50%        N/A       6%          8
 Infestation              Necr           47%        N/A       16%         8
 Chain Lightning          Conj/Air       52%        3d69      45%         9
 Shatter                  Erth           52%        3d39*     45%         9
 Dragon's Call            Summ           47%        N/A       94%         9

Inventory:

Hand Weapons
 a - the cursed +7 battleaxe "Chained Together" (melded) {protect, Int+6 Dex+7, Cun, Bglg}

   It grants its wielder temporary protection when it strikes (+7 to AC).
   Int:       It affects your intelligence (+6).
   Dex:       It affects your dexterity (+7).
   It has a curse which improves the following skills: Cunning: Dodging and
   Stealth.
   Beguiling: Conjurations, Hexes and Translocations.
Missiles
 J - 6 throwing nets {=f}
 Q - 10 curare-tipped darts {=f}
Armour
 m - the cursed +2 cloak of the Eternal Sky (melded) {Will+, Comp, Elem}

   It has a curse which improves the following skills: Companions: Summonings
   and Necromancy.
   Elements:  Fire Magic, Ice Magic, Air Magic and Earth Magic.
 o - the cursed +2 robe of Ashenzari's Jealousy (melded) {rC+, Comp, Bglg}

   It has a curse which improves the following skills: Companions: Summonings
   and Necromancy.
   Beguiling: Conjurations, Hexes and Translocations.
 s - the cursed +2 pair of gloves "I Foresaw This" (melded) {Cun, Bglg}

   It has a curse which improves the following skills: Cunning: Dodging and
   Stealth.
   Beguiling: Conjurations, Hexes and Translocations.
 y - the +1 helmet of the Hills {rN++ Dex+3}

   Dex:       It affects your dexterity (+3).
   rN:        It greatly protects you from negative energy.
 L - the cursed +2 helmet "Insecurity of Ashenzari" (melded) {Elem, Evo}

   It has a curse which improves the following skills: Elements: Fire Magic, Ice
   Magic, Air Magic and Earth Magic.
   Evocations: Evocations.
 U - the cursed +1 pair of boots "Astrological Ordeal" (melded) {rElec rCorr Dex+2, Cun, Bglg}

   Dex:       It affects your dexterity (+2).
   rElec:     It insulates you from electricity.
   rCorr:     It protects you from acid and corrosion.
   It has a curse which improves the following skills: Cunning: Dodging and
   Stealth.
   Beguiling: Conjurations, Hexes and Translocations.
Magical Staves
 e - a staff of earth
Jewellery
 x - the cursed amulet of the Unveiling Planets (around neck) {Acrobat, Bglg, Cun}

   [amulet of the acrobat]

   It increases your evasion while moving and waiting.
   It has a curse which improves the following skills: Beguiling: Conjurations,
   Hexes and Translocations.
   Cunning:   Dodging and Stealth.
 R - the cursed ring of the Cosmic Prison (right fist) {Int+6, Self, Elem}

   [ring of intelligence]

   Int:       It affects your intelligence (+6).
   It has a curse which improves the following skills: Introspection: Fighting
   and Spellcasting.
   Elements:  Fire Magic, Ice Magic, Air Magic and Earth Magic.
 T - the cursed ring "Unveiling Augurer" (left fist) {rElec rF+ AC+4 Int+2, Elem, Self}

   [ring of protection]

   AC:        It affects your AC (+4).
   Int:       It affects your intelligence (+2).
   rF:        It protects you from fire.
   rElec:     It insulates you from electricity.
   It has a curse which improves the following skills: Elements: Fire Magic, Ice
   Magic, Air Magic and Earth Magic.
   Introspection: Fighting and Spellcasting.
Wands
 f - a wand of mindburst (16)
 l - a wand of digging (23)
 q - a wand of quicksilver (13)
 P - a wand of iceblast (9)
 S - a wand of polymorph (20)
 W - a wand of charming (12)
Scrolls
 g - 2 scrolls of amnesia
 k - 9 scrolls of enchant weapon
 n - 9 scrolls of magic mapping
 r - 15 scrolls of teleportation {@r4}
 t - 2 scrolls of silence {!r}
 u - 6 scrolls of blinking
 C - 7 scrolls of poison {!r}
 D - 6 scrolls of fear
 E - 3 scrolls of torment {!r}
 F - 4 scrolls of summoning
 H - 7 scrolls of enchant armour
 M - 11 scrolls of fog
 N - 6 scrolls of immolation {!r}
 O - 9 scrolls of vulnerability {!r}
Potions
 b - 10 potions of mutation {!q}
 d - 16 potions of flight
 h - 14 potions of heal wounds {@q2}
 i - 4 potions of resistance
 j - 6 potions of magic
 p - a potion of ambrosia
 v - 16 potions of haste {@q3}
 w - 7 potions of brilliance
 z - 5 potions of cancellation
 A - 25 potions of curing {@q1}
 B - 4 potions of might
 G - 5 potions of attraction {!q}
 I - 4 potions of invisibility
 K - 6 potions of berserk rage {!q}
 X - 4 potions of lignification {!q}
Miscellaneous
 c - a phantom mirror
 V - a condenser vane
 Y - a tin of tremorstones (2/2)
 Z - a lightning rod (4/4)

Dungeon Overview and Level Annotations

Branches:
Dungeon (15/15)            Temple (1/1) D:7            Lair (5/5) D:10
 Shoals (4/4) Lair:2        Snake (4/4) Lair:2        Slime (0/5) Lair:5
    Orc (2/2) D:10            Elf (0/3) Orc:2        Vaults (5/5) D:13
  Crypt (0/3) Vaults:3     Depths (4/4) D:15            Zot (0/5) Depths:4
Ossuary (visited)          Bailey (visited)           IceCv (visited)
Desolation (visited)

Altars:
Ashenzari
Cheibriados
Dithmenos
Elyvilon
Fedhas
Gozag
Hepliaklqana
Kikubaaqudgha
Makhleb
Nemelex Xobeh
Okawaru
Qazlal
Ru
Sif Muna
Trog
Uskayaw
Vehumet
Wu Jian
Xom
Yredelemnul
Zin
The Shining One
Jiyva

Shops:
D:12 *   Orc:2 ?(=!   Shoals:3 =   Snake:1 !   Depths:1 =::   Depths:2 [(![

Portals:
Hell: Depths:1 Depths:2 Depths:3 Depths:4
Abyss: Depths:2 Depths:3
Pandemonium: Depths:2
Ziggurat: Depths:2
Bazaar: Depths:2

Annotations:
Snake:1 2 transporters, Gavad's ghost, adept TeTm

▒..▒.▒.▒.▒▒▒.▒.▒.▒▒▒.▒.▒.▒▒▒.▒.
░..▒.........................▒.
░,.▒.▒▒▒.▒.▒.▒▒▒.▒.▒.▒▒▒.▒.▒.▒.
░,.▒..(..▒)▒).[..▒)▒..|..▒.▒.▒.
░,.▒.▒▒▒.▒.▒)▒▒▒.▒.▒.▒▒▒)▒.▒.▒.
░..▒.................)[)...(.▒.
░..▒.▒.▒.▒▒▒.▒.▒c▒▒▒.▒)▒.▒▒▒.▒.
▒.{▒.▒.▒.....▒}▒..)..▒)▒....)▒.
▒..▒.▒.▒.▒▒▒.▒v▒)▒▒▒.▒(▒.▒▒▒.▒.
▒.............pCpc)...[{{{{{{{{
▒....▒▒▒▒▒▒▒▒▒▒▒▒▒▒▒▒▒▒▒▒▒▒▒{).
▒.........................H{).)
▒..........................{.)<
▒H..{.....(.................)..
▒....,,,,,,,,,,,,,,,,.......{..
▒....░░░░░░░░░░░░░░,░..▒▒.▒{...
▒....,,,,,,,,,,,,,,,░.,.....{..


You could see a titan (soul bound), a vault warden (soul bound), a yaktaur
captain (soul bound), a yaktaur and a necromancer.


Message History

The fire giant burns you.
* * * LOW HITPOINT WARNING * * *
You buffet the fire giant!
Lightning courses through the fire giant!
The fire giant is almost dead.
You batter the fire giant!!
You kill the fire giant!
You hit the yaktaur captain.
Lightning courses through the yaktaur captain!
The yaktaur captain is lightly wounded.
The yaktaur captain hits you with a +0 trident!
* * * LOW HITPOINT WARNING * * *
You blast the yaktaur captain!!!
You kill the yaktaur captain!
The necromancer casts a spell.
The necromancer binds the souls of nearby monsters.
You batter the vault warden!!
The vault warden is moderately wounded.
The vault warden hits you with a +2 vorpal battleaxe.
* * * LOW HITPOINT WARNING * * *
* * * LOW HITPOINT WARNING * * *
You blast the vault warden!!!
You punch the vault warden, but do no damage.
The vault warden is almost dead.
You hit the vault warden but do no damage.
The vault warden is almost dead.
You buffet the titan!
The vault warden barely misses you. The titan hits you!!
You die...

Action                   |  1- 3 |  4- 6 |  7- 9 | 10-12 | 13-15 | 16-18 | 19-21 | 22-24 || total
-------------------------+-------+-------+-------+-------+-------+-------+-------+-------++-------
Melee: Unarmed           |    18 |       |       |       |       |   149 |    22 |   207 ||   396
       Broad axe         |       |    11 |     9 |       |       |       |       |       ||    20
       Bite              |       |     2 |    11 |    20 |   145 |    72 |   106 |    20 ||   376
       Dagger            |       |     9 |    68 |    67 |       |     6 |       |       ||   150
       Long sword        |       |       |     4 |       |       |       |       |       ||     4
       Punch             |       |       |     2 |     4 |       |    20 |     4 |    29 ||    59
       Scimitar          |       |       |       |    31 |       |       |       |       ||    31
       Quarterstaff      |       |       |       |    79 |   442 |       |       |       ||   521
       Battleaxe         |       |       |       |       |   396 |   327 |   478 |    98 ||  1299
       Tailslap          |       |       |       |       |       |    26 |     2 |       ||    28
Throw: Dart              |       |       |       |    12 |       |       |       |       ||    12
       Boomerang         |       |       |       |     3 |       |       |       |       ||     3
 Cast: Magic Dart        |    65 |    93 |   173 |   244 |   384 |    43 |       |       ||  1002
       Searing Ray       |       |     3 |    35 |    58 |    40 |     1 |       |       ||   137
       Fulminant Prism   |       |       |     7 |    44 |   122 |    23 |       |       ||   196
       Irradiate         |       |       |       |    18 |    23 |    21 |    15 |     9 ||    86
       Starburst         |       |       |       |       |       |    60 |    50 |     9 ||   119
       Dragon Form       |       |       |       |       |       |    18 |     1 |       ||    19
       Summon Hydra      |       |       |       |       |       |    69 |     9 |       ||    78
       Lehudib's Crystal |       |       |       |       |       |    82 |   116 |   109 ||   307
       Ignition          |       |       |       |       |       |    28 |    83 |    32 ||   143
       Maxwell's Capacit |       |       |       |       |       |       |     4 |     3 ||     7
       Storm Form        |       |       |       |       |       |       |     2 |    15 ||    17
       Fire Storm        |       |       |       |       |       |       |       |     1 ||     1
Invok: Curse Item        |       |       |       |     4 |     4 |     4 |     1 |       ||    13
       Shatter the Chain |       |       |       |       |     2 |     2 |       |       ||     4
 Abil: End Transformatio |       |       |       |       |       |     1 |       |     1 ||     2
Evoke: Wand              |       |       |     4 |     8 |       |     1 |     5 |       ||    18
  Use: Potion            |       |       |       |     1 |       |       |     6 |     8 ||    15
       Scroll            |       |       |       |     2 |     1 |     6 |     4 |     1 ||    14
 Stab: Sleeping          |       |       |     3 |       |     7 |     7 |     6 |     1 ||    24
       Distracted        |       |       |       |       |       |     4 |     5 |       ||     9
Armor: Robe              |     1 |     5 |    15 |    83 |   321 |   152 |   174 |    45 ||   796
       Skin              |       |       |       |       |       |    70 |     5 |    44 ||   119
Dodge: Dodged            |    20 |    39 |    85 |   232 |   957 |   700 |   829 |   410 ||  3272

Levels and vault maps discovered:
D:1:      shiori_arrival_whats_in_store_for_you, layout_basic,
          chequers_ecumenical_altar_simple, minmay_liquid_box
D:2:      layout_basic
D:3:      layout_basic, nicolae_overflow_ecumenical_swirl, serial_bayou,
          serial_bayou_shore_a, serial_bayou_lake_a, serial_bayou_shore_b,
          serial_bayou_crossing
D:4:      layout_basic, grunt_temple_overflow_growth_and_decay,
          cheibriados_altar_1, hangedman_ru_absence
D:5:      layout_loops_cross, chequers_temple_overflow_statue_of_worship,
          nicolae_sif_muna_condensation, uniq_grinder
D:6:      layout_basic, good_gods_mini_temple, gammafunk_ghost_stat_death,
          enter_ossuary_4, kennysheep_generic_room_11, uniq_sigmund
D:7:      layout_layer_cave, marbit_many_paths, overflow_temple_1_default,
          minmay_temple_entry_statues, enter_bailey_4
D:8:      layout_basic, grunt_ministairs_9
D:9:      minmay_s_stair_smasher, layout_layer_cave,
          mainiacjoe_overflow_small_starburst, lemuel_round_altar
D:10:     layout_basic, erik_lair_dragon, hiddenorc2_lemuel,
          ebering_dispersal_statue_hall, hangedman_decor_lopped,
          columned_hall_lemuel, hangedman_decor_slide_cut, uniq_maurice
D:11:     layout_cross, serial_glass, glass_columns_a, glass_columns_a,
          glass_columns_c, glass_columns_b, glass_columns_a, glass_columns_a,
          glass_columns_a, glass_columns_a, glass_columns_c, glass_columns_a,
          item_on_display_a, feat_on_display, minmay_strange_pillars,
          fungi_pond_lemuel
D:12:     layout_basic, serial_shops, shop_fountains,
          kennysheep_okawaru_gauntlet
D:13:     layout_loops_ring, david_vaults_1, kennysheep_cross_bottleneck,
          feat_on_display
D:14:     layout_roguey, lemuel_coloured_pillars_altar,
          minmay_misc_feat_hallway, chequers_serial_rivers_small_3,
          fedhas_altar_4
D:15:     hangedman_depths_entry_try_elsewhere_first, layout_irregular_city,
          serial_rivers, chequers_serial_rivers_micro_b,
          chequers_serial_rivers_micro_b, chequers_serial_rivers_micro_e,
          chequers_serial_rivers_room_a, minmay_rotating_lava
Temple:   hellmonk_temple_two_chambers
Lair:1:   layout_small_grid, chequers_serial_rivers_large_a, grunt_megastairs_2,
          serial_bayou_shore_b
Lair:2:   layout_gridlike, minmay_shoals_entry_centaurs,
          guppyfry_snake_entry_island, lemuel_old_faithful, uniq_urug,
          uniq_prince_ribbit2
Lair:3:   layout_concentric_octagons, serial_bayou_pond_d,
          kennysheep_basilisk_garden
Lair:4:   layout_gridlike, minmay_lair_oklob_items, uniq_kirke
Lair:5:   evilmike_catoblepas_cave, layout_small_grid,
          minmay_slime_entry_jelly_boxes, gammafunk_ghost_arena, basic_altar
Shoals:1: layout_shoals
Shoals:2: layout_shoals, portal_ice_cave_entry_pillars_four
Shoals:3: layout_shoals, serial_shops, nicolae_shop_statue_plus,
          hellmonk_ghost_happy_afterlife, uniq_aizul
Shoals:4: shoals_end_grunt_ice, layout_shoals, lightli_airlock
Snake:1:  layout_layer_cave, gammafunk_ghost_wrathful_warriors, serial_shops,
          nicolae_diamond_shop, nicolae_large_snake_swirl
Snake:2:  nicolae_snake_shooting_gallery, layout_cave_pods, lemuel_fruit_tree,
          uniq_donald
Snake:3:  layout_basic, uniq_vashnia, uniq_azrael
Snake:4:  hellmonk_snake_rune_quicksilver_temple, layout_basic
Orc:1:    layout_diamond_mine, uniq_erolcha
Orc:2:    kennysheep_orc_mage_school, layout_diamond_mine, gammafunk_ghost_grave
Vaults:1: hangedman_vaults_nodes, hangedman_vaults_variations,
          hangedman_vaults_capsules, nicolae_vaults_border_crossing,
          hangedman_vaults_locks, ontoclasm_vaults_gateway, v_misc_19,
          ontoclasm_vaults_eye, grunt_vaults_diagonal, layout_vaults_maze
Vaults:2: portal_desolation_entry_nicolae_forbidding_blocks, v_alt_pattern_2,
          v_alt_pattern_5, grunt_vaults_funnel, layout_vaults_big_room,
          uniq_mennas
Vaults:3: hangedman_vaults_stretched_pinwheel, vaults_room_corners,
          ontoclasm_vaults_decontamination, vaults_room_door_hall,
          nicolae_vaults_ninety_degrees, nicolae_vaults_little_squares_5,
          ontoclasm_vaults_loading_screen, hangedman_vaults_nails,
          grunt_vaults_hallway_short, v_misc_12, ontoclasm_vaults_pinch,
          layout_vaults_omnigrid, dummy_crypt_entry, uniq_zenata
Vaults:4: advil_vaults_ghost_guards, vaults_room_grid, vaults_standard_mumra_x,
          vaults_room_guarded_vault, v_pattern_1, v_misc_14,
          hangedman_vaults_cutoff, vaults_mumra_hex, hangedman_vaults_trim,
          vaults_room_grunt_arrival_checkpoint, ontoclasm_vaults_tryst,
          nicolae_vaults_hallways_thing, vaults_dpeg_encased_lava, v_misc_14,
          ontoclasm_vaults_twist, layout_vaults_omnibox
Vaults:5: serial_shops, uniq_margery
Depths:1: layout_cave_pools, gammafunk_ghost_grave, hell_entry,
          nicolae_wu_jian_wuxing_cycle, minmay_librarian, minmay_shop_grove
Depths:2: minmay_ornate_pinched, layout_honeycomb, enter_ziggurat_e, pan_entry,
          nicolae_dithmenos_shadow_blocks, serial_shops, statue_bzr,
          nicolae_lakefront_shop, shop_coins, shop, shop, hell_entry,
          abyss_entry, st_stairs_11, uniq_enchantress
Depths:3: minmay_haunted_quarter, layout_basic, hangedman_abyss_or_decor_passed,
          abyss_entry_crystal, pf_hell_entry_tar_river,
          chequers_decorated_corner, grunt_absolute_annihilation,
          infiniplex_staircase_pool_lava, uniq_josephina, uniq_jory
Depths:4: evilmike_zot_entry_hall, layout_basic, hell_entry, nrook_campfire,
          serial_bayou_shore_b

Notes
Turn   | Place    | Note
-------+----------+-------------------------------------------
     0 | D:1      | sanka the Gnoll Conjurer began the quest for the Orb.
     0 | D:1      | Reached XP level 1. HP: 13/13 MP: 6/6
   143 | D:1      | Reached XP level 2. HP: 20/20 MP: 4/7
   146 | D:1      | Learned a level 2 spell: Searing Ray
   418 | D:1      | Found a faded altar of an unknown god.
   474 | D:1      | Reached skill level 5 in Spellcasting
   474 | D:1      | Reached XP level 3. HP: 25/25 MP: 5/9
   655 | D:1      | Reached skill level 1 in Invocations
  1142 | D:2      | Reached skill level 1 in Fighting
  1142 | D:2      | Reached skill level 1 in Short Blades
  1142 | D:2      | Reached skill level 1 in Long Blades
  1142 | D:2      | Reached skill level 1 in Axes
  1142 | D:2      | Reached skill level 1 in Maces & Flails
  1142 | D:2      | Reached skill level 1 in Polearms
  1142 | D:2      | Reached skill level 1 in Staves
  1142 | D:2      | Reached skill level 1 in Ranged Weapons
  1142 | D:2      | Reached skill level 1 in Throwing
  1142 | D:2      | Reached skill level 1 in Armour
  1142 | D:2      | Reached skill level 1 in Shields
  1142 | D:2      | Reached skill level 1 in Unarmed Combat
  1142 | D:2      | Reached skill level 1 in Evocations
  1593 | D:2      | Reached XP level 4. HP: 32/32 MP: 11/11
  2134 | D:3      | Reached skill level 1 in Hexes
  2134 | D:3      | Reached skill level 1 in Summonings
  2134 | D:3      | Reached skill level 1 in Necromancy
  2134 | D:3      | Reached skill level 1 in Translocations
  2134 | D:3      | Reached skill level 1 in Transmutations
  2134 | D:3      | Reached skill level 1 in Fire Magic
  2134 | D:3      | Reached skill level 1 in Ice Magic
  2134 | D:3      | Reached skill level 1 in Air Magic
  2134 | D:3      | Reached skill level 1 in Earth Magic
  2134 | D:3      | Reached skill level 1 in Poison Magic
  2482 | D:3      | Reached XP level 5. HP: 37/37 MP: 12/12
  2875 | D:3      | Found a faded altar of an unknown god.
  2880 | D:3      | Found a shimmering altar of Xom.
  3439 | D:4      | Found an ancient bone altar of Kikubaaqudgha.
  3439 | D:4      | Found a blossoming altar of Fedhas.
  3503 | D:4      | Found a snail-covered altar of Cheibriados.
  3568 | D:4      | Noticed a phantom
  3579 | D:4      | Killed a phantom
  3580 | D:4      | Reached skill level 5 in Dodging
  3580 | D:4      | Reached skill level 2 in Invocations
  3580 | D:4      | Reached XP level 6. HP: 37/44 MP: 13/14
  3789 | D:4      | Found a sacrificial altar of Ru.
  3993 | D:4      | Reached skill level 2 in Fighting
  3993 | D:4      | Reached skill level 2 in Short Blades
  3993 | D:4      | Reached skill level 2 in Long Blades
  3993 | D:4      | Reached skill level 2 in Axes
  3993 | D:4      | Reached skill level 2 in Maces & Flails
  3993 | D:4      | Reached skill level 2 in Polearms
  3993 | D:4      | Reached skill level 2 in Staves
  3993 | D:4      | Reached skill level 2 in Ranged Weapons
  3993 | D:4      | Reached skill level 2 in Throwing
  3993 | D:4      | Reached skill level 2 in Armour
  3993 | D:4      | Reached skill level 2 in Shields
  3993 | D:4      | Reached skill level 2 in Unarmed Combat
  3993 | D:4      | Reached skill level 2 in Evocations
  4270 | D:5      | Entered Level 5 of the Dungeon
  4270 | D:5      | Noticed Grinder
  4376 | D:5      | Killed Grinder
  4377 | D:5      | Reached XP level 7. HP: 42/51 MP: 13/15
  4437 | D:5      | Identified the +0 halberd of Sin {vorpal, *Slow rElec
                  | Dex+5}
  4450 | D:5      | Found a stormy altar of Qazlal.
  4450 | D:5      | Found a hazy altar of Hepliaklqana.
  4583 | D:5      | Found a shimmering blue altar of Sif Muna.
  4691 | D:5      | Reached skill level 2 in Hexes
  4691 | D:5      | Reached skill level 2 in Summonings
  4691 | D:5      | Reached skill level 2 in Necromancy
  4691 | D:5      | Reached skill level 2 in Translocations
  4691 | D:5      | Reached skill level 2 in Transmutations
  4691 | D:5      | Reached skill level 2 in Fire Magic
  4691 | D:5      | Reached skill level 2 in Ice Magic
  4691 | D:5      | Reached skill level 2 in Air Magic
  4691 | D:5      | Reached skill level 2 in Earth Magic
  4691 | D:5      | Reached skill level 2 in Poison Magic
  4782 | D:5      | Reached skill level 5 in Stealth
  4834 | D:5      | Reached skill level 3 in Invocations
  5315 | D:6      | Reached skill level 3 in Fighting
  5315 | D:6      | Reached skill level 3 in Short Blades
  5315 | D:6      | Reached skill level 3 in Long Blades
  5315 | D:6      | Reached skill level 3 in Axes
  5315 | D:6      | Reached skill level 3 in Maces & Flails
  5315 | D:6      | Reached skill level 3 in Polearms
  5315 | D:6      | Reached skill level 3 in Staves
  5315 | D:6      | Reached skill level 3 in Ranged Weapons
  5315 | D:6      | Reached skill level 3 in Throwing
  5315 | D:6      | Reached skill level 3 in Armour
  5315 | D:6      | Reached skill level 3 in Shields
  5315 | D:6      | Reached skill level 3 in Unarmed Combat
  5315 | D:6      | Reached skill level 3 in Evocations
  5315 | D:6      | Reached XP level 8. HP: 54/58 MP: 16/16
  5397 | D:6      | Reached skill level 6 in Spellcasting
  5413 | D:6      | Found a transporter.
  5413 | D:6      | Noticed Peppero's ghost (novice GnAE)
  5555 | D:6      | Noticed Sigmund
  5636 | D:6      | Killed Sigmund
  5646 | D:6      | Reached skill level 4 in Invocations
  5671 | D:6      | Found a transporter.
  5683 | D:6      | Reached skill level 3 in Hexes
  5683 | D:6      | Reached skill level 3 in Summonings
  5683 | D:6      | Reached skill level 3 in Necromancy
  5683 | D:6      | Reached skill level 3 in Translocations
  5683 | D:6      | Reached skill level 3 in Transmutations
  5683 | D:6      | Reached skill level 3 in Fire Magic
  5683 | D:6      | Reached skill level 3 in Ice Magic
  5683 | D:6      | Reached skill level 3 in Air Magic
  5683 | D:6      | Reached skill level 3 in Earth Magic
  5683 | D:6      | Reached skill level 3 in Poison Magic
  5719 | D:6      | Found a white marble altar of Elyvilon.
  5719 | D:6      | Found a glowing silver altar of Zin.
  5720 | D:6      | Found a glowing golden altar of the Shining One.
  5743 | D:6      | Reached skill level 6 in Dodging
  5814 | D:6      | Reached XP level 9. HP: 65/65 MP: 18/18
  5830 | D:6      | Found a sand-covered staircase.
  5837 | Ossuary  | Entered an ossuary
  6018 | Ossuary  | Reached skill level 4 in Fighting
  6018 | Ossuary  | Reached skill level 4 in Short Blades
  6018 | Ossuary  | Reached skill level 4 in Long Blades
  6018 | Ossuary  | Reached skill level 4 in Axes
  6018 | Ossuary  | Reached skill level 4 in Maces & Flails
  6018 | Ossuary  | Reached skill level 4 in Polearms
  6018 | Ossuary  | Reached skill level 4 in Staves
  6018 | Ossuary  | Reached skill level 4 in Ranged Weapons
  6018 | Ossuary  | Reached skill level 4 in Throwing
  6018 | Ossuary  | Reached skill level 4 in Armour
  6018 | Ossuary  | Reached skill level 4 in Shields
  6018 | Ossuary  | Reached skill level 4 in Unarmed Combat
  6018 | Ossuary  | Reached skill level 4 in Evocations
  6023 | Ossuary  | Learned a level 4 spell: Fulminant Prism
  6614 | D:6      | Reached skill level 6 in Stealth
  6614 | D:6      | Reached skill level 8 in Conjurations
  7150 | D:7      | Learned a level 5 spell: Irradiate
  7209 | D:7      | Found a staircase to the Ecumenical Temple.
  7286 | D:7      | Found a flagged portal.
  7315 | Bailey   | Entered a bailey
  7803 | Bailey   | Reached skill level 5 in Invocations
  7818 | Bailey   | Noticed an orc knight
  7822 | Bailey   | Killed an orc knight
  7823 | Bailey   | Reached skill level 7 in Spellcasting
  7980 | Bailey   | Noticed an orc knight
  8071 | Bailey   | Killed an orc knight
  8072 | Bailey   | Reached skill level 5 in Fighting
  8072 | Bailey   | Reached skill level 5 in Short Blades
  8072 | Bailey   | Reached skill level 5 in Long Blades
  8072 | Bailey   | Reached skill level 5 in Axes
  8072 | Bailey   | Reached skill level 5 in Maces & Flails
  8072 | Bailey   | Reached skill level 5 in Polearms
  8072 | Bailey   | Reached skill level 5 in Staves
  8072 | Bailey   | Reached skill level 5 in Ranged Weapons
  8072 | Bailey   | Reached skill level 5 in Throwing
  8072 | Bailey   | Reached skill level 5 in Armour
  8072 | Bailey   | Reached skill level 5 in Shields
  8072 | Bailey   | Reached skill level 5 in Unarmed Combat
  8072 | Bailey   | Reached skill level 4 in Hexes
  8072 | Bailey   | Reached skill level 4 in Summonings
  8072 | Bailey   | Reached skill level 4 in Necromancy
  8072 | Bailey   | Reached skill level 4 in Translocations
  8072 | Bailey   | Reached skill level 4 in Transmutations
  8072 | Bailey   | Reached skill level 4 in Fire Magic
  8072 | Bailey   | Reached skill level 4 in Ice Magic
  8072 | Bailey   | Reached skill level 4 in Air Magic
  8072 | Bailey   | Reached skill level 4 in Earth Magic
  8072 | Bailey   | Reached skill level 4 in Poison Magic
  8072 | Bailey   | Reached skill level 5 in Evocations
  8072 | Bailey   | Reached XP level 10. HP: 55/74 MP: 6/20
  8254 | Bailey   | Reached skill level 6 in Fighting
  8254 | Bailey   | Reached skill level 6 in Short Blades
  8254 | Bailey   | Reached skill level 6 in Long Blades
  8254 | Bailey   | Reached skill level 6 in Axes
  8254 | Bailey   | Reached skill level 6 in Maces & Flails
  8254 | Bailey   | Reached skill level 6 in Polearms
  8254 | Bailey   | Reached skill level 6 in Staves
  8254 | Bailey   | Reached skill level 6 in Ranged Weapons
  8254 | Bailey   | Reached skill level 6 in Throwing
  8254 | Bailey   | Reached skill level 6 in Armour
  8254 | Bailey   | Reached skill level 8 in Dodging
  8254 | Bailey   | Reached skill level 7 in Stealth
  8254 | Bailey   | Reached skill level 6 in Shields
  8254 | Bailey   | Reached skill level 6 in Unarmed Combat
  8254 | Bailey   | Reached skill level 8 in Spellcasting
  8254 | Bailey   | Reached skill level 9 in Conjurations
  8254 | Bailey   | Reached skill level 5 in Hexes
  8254 | Bailey   | Reached skill level 5 in Summonings
  8254 | Bailey   | Reached skill level 5 in Necromancy
  8254 | Bailey   | Reached skill level 5 in Translocations
  8254 | Bailey   | Reached skill level 5 in Transmutations
  8254 | Bailey   | Reached skill level 5 in Fire Magic
  8254 | Bailey   | Reached skill level 5 in Ice Magic
  8254 | Bailey   | Reached skill level 5 in Air Magic
  8254 | Bailey   | Reached skill level 5 in Earth Magic
  8254 | Bailey   | Reached skill level 5 in Poison Magic
  8254 | Bailey   | Reached skill level 7 in Invocations
  8254 | Bailey   | Reached skill level 6 in Evocations
  8254 | Bailey   | Reached XP level 11. HP: 83/83 MP: 20/23
  8389 | Bailey   | Noticed an orc warlord
  8399 | Bailey   | Killed an orc warlord
  9149 | Temple   | Entered the Ecumenical Temple
  9156 | Temple   | Became a worshipper of Ashenzari the Shackled
  9215 | D:7      | Found a sparkling altar of Nemelex Xobeh.
  9770 | D:7      | Found a basalt altar of Yredelemnul.
 10587 | D:8      | Reached skill level 8 in Stealth
 11853 | D:9      | Found a shadowy altar of Dithmenos.
 12547 | D:9      | Noticed a boulder beetle
 12579 | D:9      | Killed a boulder beetle
 12580 | D:9      | Reached skill level 7 in Fighting
 12580 | D:9      | Reached skill level 7 in Short Blades
 12580 | D:9      | Reached skill level 7 in Long Blades
 12580 | D:9      | Reached skill level 7 in Axes
 12580 | D:9      | Reached skill level 7 in Maces & Flails
 12580 | D:9      | Reached skill level 7 in Polearms
 12580 | D:9      | Reached skill level 7 in Staves
 12580 | D:9      | Reached skill level 7 in Ranged Weapons
 12580 | D:9      | Reached skill level 7 in Throwing
 12580 | D:9      | Reached skill level 7 in Armour
 12580 | D:9      | Reached skill level 7 in Shields
 12580 | D:9      | Reached skill level 7 in Unarmed Combat
 12580 | D:9      | Reached skill level 7 in Evocations
 12729 | D:9      | Found a hide-covered altar of Uskayaw.
 12757 | D:9      | Noticed a two-headed ogre
 12764 | D:9      | Killed a two-headed ogre
 13034 | D:9      | Noticed a two-headed ogre
 13041 | D:9      | Killed a two-headed ogre
 13042 | D:9      | Reached skill level 6 in Hexes
 13042 | D:9      | Reached skill level 6 in Summonings
 13042 | D:9      | Reached skill level 6 in Necromancy
 13042 | D:9      | Reached skill level 6 in Translocations
 13042 | D:9      | Reached skill level 6 in Transmutations
 13042 | D:9      | Reached skill level 6 in Fire Magic
 13042 | D:9      | Reached skill level 6 in Ice Magic
 13042 | D:9      | Reached skill level 6 in Air Magic
 13042 | D:9      | Reached skill level 6 in Earth Magic
 13042 | D:9      | Reached skill level 6 in Poison Magic
 13134 | D:9      | Noticed a two-headed ogre
 13141 | D:9      | Killed a two-headed ogre
 13142 | D:9      | Reached skill level 8 in Invocations
 13328 | D:9      | Identified the +11 quarterstaff of Qourech {vorpal, Fragile
                  | Str+9 Dex+4}
 13366 | D:9      | Reached skill level 9 in Spellcasting
 13500 | D:9      | Reached XP level 12. HP: 24/92 MP: 13/25
 13723 | D:9      | Identified +0 acid dragon scales
 14058 | D:9      | Reached * piety under Ashenzari
 14058 | D:9      | Identified a potion of resistance
 14210 | D:9      | Noticed a two-headed ogre
 14216 | D:9      | Killed a two-headed ogre
 14876 | D:10     | Entered Level 10 of the Dungeon
 15277 | D:10     | Reached ** piety under Ashenzari
 15615 | D:10     | Reached skill level 9 in Dodging
 15836 | D:10     | Found a staircase to the Orcish Mines.
 15926 | D:10     | Noticed Maurice
 15991 | D:10     | Killed Maurice
 16612 | D:10     | Identified +0 acid dragon scales
 16721 | D:10     | Found a staircase to the Lair.
 17212 | D:11     | Reached skill level 9 in Stealth
 17285 | D:11     | Noticed a boulder beetle
 17370 | D:11     | Killed a boulder beetle
 17569 | D:11     | Identified the +8 quarterstaff "Qiev" {speed, +Blink Int-3
                  | Dex+4}
 17621 | D:11     | Reached skill level 8 in Fighting
 17621 | D:11     | Reached skill level 8 in Short Blades
 17621 | D:11     | Reached skill level 8 in Long Blades
 17621 | D:11     | Reached skill level 8 in Axes
 17621 | D:11     | Reached skill level 8 in Maces & Flails
 17621 | D:11     | Reached skill level 8 in Polearms
 17621 | D:11     | Reached skill level 8 in Staves
 17621 | D:11     | Reached skill level 8 in Ranged Weapons
 17621 | D:11     | Reached skill level 8 in Throwing
 17621 | D:11     | Reached skill level 8 in Armour
 17621 | D:11     | Reached skill level 8 in Shields
 17621 | D:11     | Reached skill level 8 in Unarmed Combat
 17621 | D:11     | Reached skill level 8 in Evocations
 18012 | D:11     | Noticed a six-headed hydra
 18026 | D:11     | Killed a six-headed hydra
 18042 | D:11     | Noticed a boulder beetle
 18049 | D:11     | Killed a boulder beetle
 18162 | D:11     | Reached skill level 9 in Invocations
 18773 | D:6      | Killed Peppero's ghost
 18774 | D:6      | Reached skill level 10 in Conjurations
 19048 | D:11     | Upgraded the game from 0.29-a0-901-g46a8461d6a to
                  | 0.29-a0-902-g0f71de6fce
 19120 | Lair:1   | Entered Level 1 of the Lair of Beasts
 19262 | Lair:1   | Reached XP level 13. HP: 103/103 MP: 23/28
 19626 | Lair:1   | Reached skill level 7 in Hexes
 19626 | Lair:1   | Reached skill level 7 in Summonings
 19626 | Lair:1   | Reached skill level 7 in Necromancy
 19626 | Lair:1   | Reached skill level 7 in Translocations
 19626 | Lair:1   | Reached skill level 7 in Transmutations
 19626 | Lair:1   | Reached skill level 7 in Fire Magic
 19626 | Lair:1   | Reached skill level 7 in Ice Magic
 19626 | Lair:1   | Reached skill level 7 in Air Magic
 19626 | Lair:1   | Reached skill level 7 in Earth Magic
 19626 | Lair:1   | Reached skill level 7 in Poison Magic
 20815 | Lair:1   | Reached skill level 10 in Spellcasting
 21243 | Lair:2   | Noticed Prince Ribbit
 21275 | Lair:2   | Killed Prince Ribbit
 21603 | Lair:2   | Found a staircase to the Snake Pit.
 21767 | Lair:2   | Reached skill level 10 in Dodging
 22218 | Lair:2   | Reached skill level 9 in Fighting
 22218 | Lair:2   | Reached skill level 9 in Short Blades
 22218 | Lair:2   | Reached skill level 9 in Long Blades
 22218 | Lair:2   | Reached skill level 9 in Axes
 22218 | Lair:2   | Reached skill level 9 in Maces & Flails
 22218 | Lair:2   | Reached skill level 9 in Polearms
 22218 | Lair:2   | Reached skill level 9 in Staves
 22218 | Lair:2   | Reached skill level 9 in Ranged Weapons
 22218 | Lair:2   | Reached skill level 9 in Throwing
 22218 | Lair:2   | Reached skill level 9 in Armour
 22218 | Lair:2   | Reached skill level 9 in Shields
 22218 | Lair:2   | Reached skill level 9 in Unarmed Combat
 22218 | Lair:2   | Reached skill level 9 in Evocations
 22220 | Lair:2   | Reached skill level 10 in Stealth
 22403 | Lair:2   | Noticed Urug
 22414 | Lair:2   | Killed Urug
 22640 | Lair:2   | Found a staircase to the Shoals.
 22694 | Lair:2   | Reached skill level 10 in Invocations
 23534 | Lair:3   | Reached XP level 14. HP: 39/113 MP: 30/30
 24256 | Lair:3   | Reached *** piety under Ashenzari
 24898 | Lair:3   | Reached skill level 8 in Hexes
 24898 | Lair:3   | Reached skill level 8 in Summonings
 24898 | Lair:3   | Reached skill level 8 in Necromancy
 24898 | Lair:3   | Reached skill level 8 in Translocations
 24898 | Lair:3   | Reached skill level 8 in Transmutations
 24898 | Lair:3   | Reached skill level 8 in Fire Magic
 24898 | Lair:3   | Reached skill level 8 in Ice Magic
 24898 | Lair:3   | Reached skill level 8 in Air Magic
 24898 | Lair:3   | Reached skill level 8 in Earth Magic
 24898 | Lair:3   | Reached skill level 8 in Poison Magic
 25476 | Lair:4   | Identified the ring "Apleshum" {rN+ Str+6 SInv}
 25975 | Lair:4   | Identified +0 gold dragon scales
 26062 | Lair:4   | Noticed Kirke
 26072 | Lair:4   | Killed Kirke
 26342 | Lair:4   | Reached skill level 11 in Spellcasting
 26732 | Lair:4   | Identified the +5 war axe "Vusu" {vorpal, rC+ Dex+9}
 26733 | Lair:4   | Reached **** piety under Ashenzari
 27054 | Lair:5   | Entered Level 5 of the Lair of Beasts
 27062 | Lair:5   | Found a staircase to the Slime Pits.
 27075 | Lair:5   | Found a viscous altar of Jiyva.
 27472 | Lair:5   | Found a snail-covered altar of Cheibriados.
 27643 | Lair:5   | Found a transporter.
 27644 | Lair:5   | Noticed PeterMcNeter's ghost (adept FeSu)
 27729 | Lair:5   | Found a transporter.
 27813 | Lair:5   | Reached ***** piety under Ashenzari
 27902 | Lair:5   | Reached skill level 11 in Dodging
 27902 | Lair:5   | Reached skill level 11 in Conjurations
 27953 | Lair:5   | Reached skill level 10 in Fighting
 27953 | Lair:5   | Reached skill level 10 in Short Blades
 27953 | Lair:5   | Reached skill level 10 in Long Blades
 27953 | Lair:5   | Reached skill level 10 in Axes
 27953 | Lair:5   | Reached skill level 10 in Maces & Flails
 27953 | Lair:5   | Reached skill level 10 in Polearms
 27953 | Lair:5   | Reached skill level 10 in Staves
 27953 | Lair:5   | Reached skill level 10 in Ranged Weapons
 27953 | Lair:5   | Reached skill level 10 in Throwing
 27953 | Lair:5   | Reached skill level 10 in Armour
 27953 | Lair:5   | Reached skill level 10 in Shields
 27953 | Lair:5   | Reached skill level 10 in Unarmed Combat
 27953 | Lair:5   | Reached skill level 10 in Evocations
 28160 | Lair:5   | Reached skill level 11 in Invocations
 28412 | Lair:5   | Reached skill level 11 in Stealth
 28412 | Lair:5   | Reached XP level 15. HP: 80/124 MP: 22/33
 28642 | Lair:5   | Identified the Quarto of Hindering Necromancy
 28945 | Lair:5   | Identified the +7 battleaxe "Reism" {protect, Int+6 Dex+7}
 29258 | Orc:1    | Entered Level 1 of the Orcish Mines
 30082 | Orc:1    | Noticed Erolcha
 30150 | Orc:1    | Killed Erolcha
 30287 | Orc:2    | Entered Level 2 of the Orcish Mines
 30553 | Orc:2    | Found a staircase to the Elven Halls.
 30982 | Orc:2    | Found a runed translucent door.
 31190 | Orc:2    | Noticed Zappman123's ghost (journeyman TeAE)
 31609 | Orc:2    | Found Xuecops's Magic Scroll Boutique.
 31639 | Orc:2    | Found a radiant altar of Vehumet.
 31682 | Orc:2    | Found Funenut's Antique Weapon Shop.
 31749 | Orc:2    | Noticed Nergalle
 31756 | Orc:2    | Paralysed by an orc sorcerer for 4 turns
 31779 | Orc:2    | Killed Nergalle
 32008 | Orc:2    | Found an ancient bone altar of Kikubaaqudgha.
 32040 | Orc:2    | Found Veaw's Jewellery Boutique.
 32179 | Orc:2    | Found Anunuiq's Distillery.
 32428 | Orc:2    | Killed Zappman123's ghost
 33015 | D:12     | Found an iron altar of Okawaru.
 33158 | D:12     | Found Qulasar's Assorted Antiques.
 33546 | D:12     | Identified the +0 ring mail "Mogig" {rPois rN+ MP+9 Int-2}
 33912 | D:13     | Reached skill level 9 in Hexes
 33912 | D:13     | Reached skill level 9 in Summonings
 33912 | D:13     | Reached skill level 9 in Necromancy
 33912 | D:13     | Reached skill level 9 in Translocations
 33912 | D:13     | Reached skill level 9 in Transmutations
 33912 | D:13     | Reached skill level 9 in Fire Magic
 33912 | D:13     | Reached skill level 9 in Ice Magic
 33912 | D:13     | Reached skill level 9 in Air Magic
 33912 | D:13     | Reached skill level 9 in Earth Magic
 33912 | D:13     | Reached skill level 9 in Poison Magic
 34883 | D:13     | Found a gate to the Vaults.
 35925 | D:14     | Reached skill level 12 in Spellcasting
 36199 | D:14     | Reached XP level 16. HP: 101/127 MP: 29/34
 36404 | D:14     | Reached skill level 11 in Fighting
 36404 | D:14     | Reached skill level 11 in Short Blades
 36404 | D:14     | Reached skill level 11 in Long Blades
 36404 | D:14     | Reached skill level 11 in Axes
 36404 | D:14     | Reached skill level 11 in Maces & Flails
 36404 | D:14     | Reached skill level 11 in Polearms
 36404 | D:14     | Reached skill level 11 in Staves
 36404 | D:14     | Reached skill level 11 in Ranged Weapons
 36404 | D:14     | Reached skill level 11 in Throwing
 36404 | D:14     | Reached skill level 11 in Armour
 36404 | D:14     | Reached skill level 11 in Shields
 36404 | D:14     | Reached skill level 11 in Unarmed Combat
 36404 | D:14     | Reached skill level 11 in Evocations
 36875 | D:14     | Found a blossoming altar of Fedhas.
 36940 | D:14     | Found an iron altar of Okawaru.
 37094 | D:14     | Learned a level 7 spell: Dragon Form
 37222 | D:14     | Identified the cursed +2 cloak of the Eternal Sky {Will+,
                  | Comp, Elem} (You took it off Maurice on level 10 of the
                  | Dungeon)
 37222 | D:14     | Identified the cursed +2 helmet "Insecurity of Ashenzari"
                  | {Elem, Evo} (You found it on level 6 of the Dungeon)
 37222 | D:14     | Identified the cursed +2 pair of gloves "I Foresaw This"
                  | {Cun, Bglg} (You found it on level 11 of the Dungeon)
 37222 | D:14     | Identified the cursed +2 robe "Clairvoyant Gnosis" {rN+,
                  | Self, Evo} (You took it off Sigmund on level 6 of the
                  | Dungeon)
 37664 | D:15     | Entered Level 15 of the Dungeon
 37677 | D:15     | Reached skill level 12 in Invocations
 37683 | D:15     | Reached skill level 12 in Dodging
 38402 | D:15     | Found a staircase to the Depths.
 38474 | D:15     | Reached skill level 12 in Stealth
 39422 | D:15     | Identified the cursed +2 robe of Ashenzari's Jealousy {rC+,
                  | Comp, Bglg} (You took it off an orc sorcerer on level 2 of
                  | the Orcish Mines)
 39685 | Snake:1  | Entered Level 1 of the Snake Pit
 40129 | Snake:1  | Found Cum Gyig's Distillery.
 40141 | Snake:1  | Found a transporter.
 40145 | Snake:1  | Found a transporter.
 40342 | Snake:1  | Identified the ring of the Lily {Wiz rPois rC+ rCorr}
 40411 | Snake:1  | Identified the +3 hand axe "Heos" {vorpal, *Slow +Blink
                  | rF++ Will+}
 40658 | Snake:1  | Identified a scroll of acquirement
 41680 | Snake:1  | Noticed Gavad's ghost (adept TeTm)
 41933 | Snake:1  | Found a bloodstained altar of Trog.
 42156 | Lair:5   | Reached skill level 12 in Conjurations
 42417 | Lair:5   | Killed PeterMcNeter's ghost
 43079 | Snake:2  | Learned a level 6 spell: Starburst
 43385 | Snake:2  | Noticed Donald
 43412 | Snake:2  | Killed Donald
 44260 | Snake:2  | Reached XP level 17. HP: 138/138 MP: 35/35
 44561 | Snake:2  | Reached skill level 10 in Hexes
 44561 | Snake:2  | Reached skill level 10 in Summonings
 44561 | Snake:2  | Reached skill level 10 in Necromancy
 44561 | Snake:2  | Reached skill level 10 in Translocations
 44561 | Snake:2  | Reached skill level 10 in Transmutations
 44561 | Snake:2  | Reached skill level 10 in Fire Magic
 44561 | Snake:2  | Reached skill level 10 in Ice Magic
 44561 | Snake:2  | Reached skill level 10 in Air Magic
 44561 | Snake:2  | Reached skill level 10 in Earth Magic
 44561 | Snake:2  | Reached skill level 10 in Poison Magic
 44812 | Snake:2  | Learned a level 7 spell: Summon Hydra
 45059 | Snake:2  | Acquired 619 gold pieces
 45061 | Snake:2  | Acquired the +1 pair of boots of Xuoqi {rElec}
 47140 | Snake:3  | Reached skill level 13 in Invocations
 47143 | Snake:3  | Reached skill level 12 in Fighting
 47143 | Snake:3  | Reached skill level 12 in Short Blades
 47143 | Snake:3  | Reached skill level 12 in Long Blades
 47143 | Snake:3  | Reached skill level 12 in Axes
 47143 | Snake:3  | Reached skill level 12 in Maces & Flails
 47143 | Snake:3  | Reached skill level 12 in Polearms
 47143 | Snake:3  | Reached skill level 12 in Staves
 47143 | Snake:3  | Reached skill level 12 in Ranged Weapons
 47143 | Snake:3  | Reached skill level 12 in Throwing
 47143 | Snake:3  | Reached skill level 12 in Armour
 47143 | Snake:3  | Reached skill level 12 in Shields
 47143 | Snake:3  | Reached skill level 12 in Unarmed Combat
 47143 | Snake:3  | Reached skill level 12 in Evocations
 47350 | Snake:3  | Identified the +1 pair of boots of the Big Bang {rElec
                  | rCorr Dex+2}
 47853 | Snake:3  | Reached skill level 13 in Spellcasting
 47859 | Snake:3  | Noticed Azrael
 47868 | Snake:3  | Killed Azrael
 48373 | Snake:4  | Entered Level 4 of the Snake Pit
 48581 | Snake:3  | Noticed Vashnia
 48603 | Snake:3  | Killed Vashnia
 48606 | Snake:3  | HP: 18/208 [naga sharpshooter/arrow[Vashnia] (5)]
 49021 | Snake:3  | Reached skill level 13 in Dodging
 50485 | Snake:4  | Reached skill level 13 in Stealth
 51396 | Snake:4  | Learned a level 8 spell: Lehudib's Crystal Spear
 51628 | Snake:4  | Noticed a quicksilver dragon
 52002 | Snake:4  | Reached XP level 18. HP: 101/147 MP: 31/37
 52238 | Snake:4  | Reached skill level 13 in Polearms
 52439 | Snake:4  | Killed a quicksilver dragon
 53101 | Snake:4  | Noticed a quicksilver dragon
 53105 | Snake:4  | Killed a quicksilver dragon
 53105 | Snake:4  | Identified quicksilver dragon scales
 53473 | Snake:4  | Got a serpentine rune of Zot
 53690 | Snake:4  | Learned a level 8 spell: Ignition
 53909 | Shoals:1 | Entered Level 1 of the Shoals
 55414 | Shoals:2 | Found a frozen archway.
 55591 | IceCv    | Entered an ice cave
 55797 | IceCv    | Identified the +6 ice dragon scales "Mazitiq" {+Inv rF-
                  | rC++ Dex+4}
 56190 | IceCv    | Identified the +0 scale mail of Mymeg {Rampage SInv}
 56342 | IceCv    | Reached skill level 14 in Invocations
 56692 | IceCv    | Reached skill level 11 in Hexes
 56692 | IceCv    | Reached skill level 11 in Summonings
 56692 | IceCv    | Reached skill level 11 in Necromancy
 56692 | IceCv    | Reached skill level 11 in Translocations
 56692 | IceCv    | Reached skill level 11 in Transmutations
 56692 | IceCv    | Reached skill level 11 in Fire Magic
 56692 | IceCv    | Reached skill level 11 in Ice Magic
 56692 | IceCv    | Reached skill level 11 in Air Magic
 56692 | IceCv    | Reached skill level 11 in Earth Magic
 56692 | IceCv    | Reached skill level 11 in Poison Magic
 57057 | Shoals:2 | Reached skill level 13 in Conjurations
 57084 | Shoals:2 | Reached ****** piety under Ashenzari
 57136 | Shoals:2 | Reached skill level 13 in Fighting
 57136 | Shoals:2 | Reached skill level 13 in Short Blades
 57136 | Shoals:2 | Reached skill level 13 in Long Blades
 57136 | Shoals:2 | Reached skill level 13 in Axes
 57136 | Shoals:2 | Reached skill level 13 in Maces & Flails
 57136 | Shoals:2 | Reached skill level 13 in Staves
 57136 | Shoals:2 | Reached skill level 13 in Ranged Weapons
 57136 | Shoals:2 | Reached skill level 13 in Throwing
 57136 | Shoals:2 | Reached skill level 13 in Armour
 57136 | Shoals:2 | Reached skill level 13 in Shields
 57136 | Shoals:2 | Reached skill level 13 in Unarmed Combat
 57136 | Shoals:2 | Reached skill level 13 in Evocations
 58448 | Shoals:3 | Reached skill level 14 in Polearms
 58638 | Shoals:3 | Noticed Kaexkiwk's ghost (adept DsFi)
 58641 | Shoals:3 | Found a runed translucent door.
 58721 | Shoals:3 | Noticed Aizul
 58745 | Shoals:3 | Found Jeuhum's Jewellery Shoppe.
 58762 | Shoals:3 | Killed Aizul
 58763 | Shoals:3 | Reached skill level 14 in Spellcasting
 58916 | Shoals:3 | Bought a ring of wizardry for 480 gold pieces
 59297 | Shoals:3 | Killed Kaexkiwk's ghost
 59461 | Shoals:4 | Entered Level 4 of the Shoals
 59461 | Shoals:4 | Found a runed translucent door.
 59924 | Shoals:4 | Identified the ring of Eboacimm {rElec rF+ AC+4 Int+2}
 60108 | Shoals:4 | Reached XP level 19. HP: 155/155 MP: 22/39
 60268 | Shoals:4 | Reached skill level 14 in Dodging
 60915 | Shoals:4 | Reached skill level 14 in Stealth
 61853 | Shoals:4 | Got a barnacled rune of Zot
 62896 | Vaults:1 | Entered Level 1 of the Vaults
 62898 | Vaults:1 | Reached skill level 12 in Ice Magic
 63196 | Vaults:1 | Reached skill level 15 in Polearms
 64052 | Vaults:1 | Reached skill level 15 in Invocations
 64981 | Vaults:2 | Reached XP level 20. HP: 125/164 MP: 16/40
 65148 | Vaults:2 | Found a crumbling gateway.
 65163 | Desolati | Entered the Desolation of Salt
 65211 | Desolati | Reached skill level 14 in Fighting
 65211 | Desolati | Reached skill level 14 in Short Blades
 65211 | Desolati | Reached skill level 14 in Long Blades
 65211 | Desolati | Reached skill level 14 in Axes
 65211 | Desolati | Reached skill level 14 in Maces & Flails
 65211 | Desolati | Reached skill level 14 in Staves
 65211 | Desolati | Reached skill level 14 in Ranged Weapons
 65211 | Desolati | Reached skill level 14 in Throwing
 65211 | Desolati | Reached skill level 14 in Armour
 65211 | Desolati | Reached skill level 14 in Shields
 65211 | Desolati | Reached skill level 14 in Unarmed Combat
 65211 | Desolati | Reached skill level 14 in Evocations
 65897 | Desolati | Found the +8 Vampire's Tooth {vamp}
 65905 | Desolati | Reached skill level 12 in Hexes
 65905 | Desolati | Reached skill level 12 in Summonings
 65905 | Desolati | Reached skill level 12 in Necromancy
 65905 | Desolati | Reached skill level 12 in Translocations
 65905 | Desolati | Reached skill level 12 in Transmutations
 65905 | Desolati | Reached skill level 12 in Fire Magic
 65905 | Desolati | Reached skill level 12 in Air Magic
 65905 | Desolati | Reached skill level 12 in Earth Magic
 65905 | Desolati | Reached skill level 12 in Poison Magic
 66215 | Desolati | Identified the ring "Wokiyz" {Fly rN++ Int+5}
 66325 | Desolati | Reached skill level 13 in Ice Magic
 66329 | Desolati | Reached skill level 16 in Polearms
 66329 | Desolati | Reached skill level 15 in Spellcasting
 66383 | Desolati | Identified the Atlas of the Shifting Mausoleum
 66812 | Vaults:2 | Noticed Mennas
 67553 | Vaults:2 | Upgraded the game from 0.29-a0-902-g0f71de6fce to
                  | 0.29-a0-911-g88e6f02907
 67563 | Vaults:2 | Learned a level 8 spell: Maxwell's Capacitive Coupling
 67574 | Vaults:2 | Killed Mennas
 67575 | Vaults:2 | Reached skill level 15 in Dodging
 67697 | Vaults:2 | Reached skill level 14 in Conjurations
 68365 | Vaults:3 | Identified the +3 shortbow "Ritaj" {flame, Fragile Will+
                  | Str+3}
 68463 | Vaults:3 | Identified the +4 sling of Mayhem {freeze, Drain rElec rC++
                  | SInv}
 68596 | Vaults:3 | Identified the ring "Kurevawn" {rF++ Str+6 Int+2 Dex-2
                  | SInv}
 68699 | Vaults:3 | Reached skill level 15 in Stealth
 69696 | Vaults:3 | Reached XP level 21. HP: 178/178 MP: 25/44
 69827 | Vaults:3 | Acquired 1155 gold pieces
 70005 | Vaults:3 | Found a staircase to the Crypt.
 70339 | Vaults:3 | Noticed Zenata
 70344 | Vaults:3 | Killed Zenata
 70994 | Vaults:4 | Reached skill level 16 in Invocations
 71075 | Vaults:4 | Reached skill level 17 in Polearms
 71520 | Vaults:4 | Found a large runed translucent door.
 71520 | Vaults:4 | Found a large runed translucent door.
 71520 | Vaults:4 | Noticed Ymilidghe's ghost (adept TrGl)
 71528 | Vaults:4 | Reached skill level 14 in Ice Magic
 71530 | Vaults:4 | Killed Ymilidghe's ghost
 71862 | Vaults:4 | Identified the +1 dagger of Departure {vorpal, rCorr Str+5
                  | Int+2}
 72222 | Vaults:4 | Reached skill level 15 in Fighting
 72222 | Vaults:4 | Reached skill level 15 in Short Blades
 72222 | Vaults:4 | Reached skill level 15 in Long Blades
 72222 | Vaults:4 | Reached skill level 15 in Axes
 72222 | Vaults:4 | Reached skill level 15 in Maces & Flails
 72222 | Vaults:4 | Reached skill level 15 in Staves
 72222 | Vaults:4 | Reached skill level 15 in Ranged Weapons
 72222 | Vaults:4 | Reached skill level 15 in Throwing
 72222 | Vaults:4 | Reached skill level 15 in Armour
 72222 | Vaults:4 | Reached skill level 15 in Shields
 72222 | Vaults:4 | Reached skill level 15 in Unarmed Combat
 72222 | Vaults:4 | Reached skill level 15 in Evocations
 73283 | Depths:1 | Entered Level 1 of the Depths
 73711 | Depths:1 | Found a gateway to Hell.
 73715 | Depths:1 | Found a runed translucent door.
 73879 | Depths:1 | Found an ornate altar of the Wu Jian Council.
 73925 | Depths:1 | Identified +0 ice dragon scales
 74132 | Depths:1 | Found Vanaepir's Jewellery Shop.
 74132 | Depths:1 | Found Luf Axt's Book Emporium.
 74261 | Depths:1 | Found Tifuwisi's Book Emporium.
 74268 | Depths:1 | Bought a book of Annihilations for 900 gold pieces
 74272 | Depths:1 | Bought a book of the Sky for 792 gold pieces
 74284 | Depths:1 | Learned a level 9 spell: Fire Storm
 74292 | Depths:1 | Learned a level 7 spell: Storm Form
 74466 | Depths:1 | Identified Qaenaolli's Book of the Summer and Malignant
                  | Magic
 74742 | Depths:1 | Noticed Xockerhu's ghost (adept MiMo)
 74750 | Depths:1 | Killed Xockerhu's ghost
 74851 | Depths:2 | Found Pyarasch's Distillery.
 74851 | Depths:2 | Found a one-way gate leading to the halls of Pandemonium.
 74874 | Depths:2 | Found Pucw's Armour Emporium.
 74892 | Depths:2 | Reached skill level 16 in Spellcasting
 75022 | Depths:2 | Reached skill level 13 in Hexes
 75022 | Depths:2 | Reached skill level 13 in Summonings
 75022 | Depths:2 | Reached skill level 13 in Necromancy
 75022 | Depths:2 | Reached skill level 13 in Translocations
 75022 | Depths:2 | Reached skill level 13 in Transmutations
 75022 | Depths:2 | Reached skill level 13 in Fire Magic
 75022 | Depths:2 | Reached skill level 13 in Air Magic
 75022 | Depths:2 | Reached skill level 13 in Earth Magic
 75022 | Depths:2 | Reached skill level 13 in Poison Magic
 75039 | Depths:2 | Reached XP level 22. HP: 86/181 MP: 25/45
 75554 | Depths:2 | Reached skill level 18 in Polearms
 75554 | Depths:2 | Reached skill level 16 in Dodging
 76076 | Depths:2 | Found a one-way gateway to a ziggurat.
 76351 | Depths:2 | Noticed the Enchantress
 76509 | Depths:2 | Found Deanar's Antique Weapon Shoppe.
 76514 | Depths:2 | Bought a polished lajatang for 500 gold pieces
 76514 | Depths:2 | Identified the +6 lajatang of Ygiclus {flame, rF+ rC+} (You
                  | bought it in a shop on level 2 of the Depths)
 76521 | Depths:2 | Found a shadowy altar of Dithmenos.
 76529 | Depths:2 | Found Uqautauk's Armour Shop.
 76533 | Depths:2 | Reached skill level 16 in Stealth
 76650 | Depths:2 | Found a gateway to a bazaar.
 76773 | Depths:2 | Found a one-way gate to the infinite horrors of the Abyss.
 76794 | Depths:2 | Found Pyarasch's Distillery.
 76817 | Depths:2 | Found Pucw's Armour Emporium.
 76885 | Depths:2 | Found a one-way gateway to a ziggurat.
 77070 | Depths:2 | Found a gateway to a bazaar.
 77082 | Depths:2 | Killed the Enchantress
 77083 | Depths:2 | Reached skill level 15 in Ice Magic
 77117 | Depths:2 | Found a shadowy altar of Dithmenos.
 77136 | Depths:2 | Found Uqautauk's Armour Shop.
 77146 | Depths:2 | Found Deanar's Antique Weapon Shoppe.
 77163 | Depths:2 | Found a one-way gate leading to the halls of Pandemonium.
 77587 | Depths:3 | Found a runed translucent door.
 77591 | Depths:3 | Found a radiant altar of Vehumet.
 77610 | Depths:3 | Identified the ring "Fiheoteo" {Ice rElec}
 77610 | Depths:3 | Noticed Josephina
 77621 | Depths:3 | Noticed Jory
 77653 | Depths:3 | Identified +0 fire dragon scales
 77698 | Depths:3 | Killed Jory
 77702 | Depths:3 | Killed Josephina
 78890 | Depths:3 | Identified +0 fire dragon scales
 78912 | Depths:3 | Reached skill level 17 in Invocations
 79305 | Depths:3 | Reached skill level 15 in Conjurations
 79721 | Depths:3 | Noticed an ancient lich
 79764 | Depths:3 | Identified Furae's Omnibus of the Impact
 80478 | Depths:3 | Identified the +0 pair of gloves of the Catamount {Contam
                  | rElec Str+4}
 80661 | Depths:3 | Killed an ancient lich
 80812 | Depths:4 | Entered Level 4 of the Depths
 81016 | Depths:4 | Noticed a golden dragon
 81448 | Depths:4 | Noticed a golden dragon
 81827 | Depths:4 | Reached XP level 23. HP: 196/196 MP: 30/47
 82326 | Depths:4 | Reached skill level 16 in Fighting
 82326 | Depths:4 | Reached skill level 16 in Short Blades
 82326 | Depths:4 | Reached skill level 16 in Long Blades
 82326 | Depths:4 | Reached skill level 16 in Axes
 82326 | Depths:4 | Reached skill level 16 in Maces & Flails
 82326 | Depths:4 | Reached skill level 16 in Staves
 82326 | Depths:4 | Reached skill level 16 in Ranged Weapons
 82326 | Depths:4 | Reached skill level 16 in Throwing
 82326 | Depths:4 | Reached skill level 16 in Armour
 82326 | Depths:4 | Reached skill level 16 in Shields
 82326 | Depths:4 | Reached skill level 16 in Unarmed Combat
 82326 | Depths:4 | Reached skill level 16 in Evocations
 82531 | Depths:4 | Reached skill level 19 in Polearms
 82557 | Depths:4 | Killed a golden dragon
 82921 | Depths:4 | Killed a golden dragon
 82921 | Depths:4 | Identified +0 gold dragon scales
 83262 | Depths:4 | Found a gate to the Realm of Zot.
 83624 | Vaults:5 | Entered Level 5 of the Vaults
 83628 | Vaults:5 | Reached skill level 16 in Ice Magic
 83634 | Vaults:5 | Identified quicksilver dragon scales
 83655 | Vaults:5 | Identified the +4 long sword of Neusasy {flame, Int-5 Dex+4
                  | SInv}
 83669 | Vaults:5 | Noticed a dread lich
 83669 | Vaults:5 | Identified +0 storm dragon scales
 83686 | Vaults:5 | Killed a dread lich
 83687 | Vaults:5 | Reached skill level 17 in Spellcasting
 83703 | Vaults:5 | Identified +0 storm dragon scales
 83716 | Vaults:5 | Identified +0 shadow dragon scales
 83876 | Vaults:5 | Identified the +5 hand axe "Hecvi" {pain, Fragile rN+ Int+2
                  | Dex+3}
 83881 | Vaults:5 | Identified the Tractate on Execration
 84129 | Vaults:5 | Identified the +1 helmet of the Hills {rN++ Dex+3}
 84167 | Vaults:5 | Identified the ring of Truth {Ice Contam rElec rPois SInv}
 84219 | Vaults:5 | Noticed a golden dragon
 84229 | Vaults:5 | Killed a golden dragon
 84230 | Vaults:5 | Reached skill level 17 in Dodging
 84230 | Vaults:5 | Reached skill level 14 in Hexes
 84230 | Vaults:5 | Reached skill level 14 in Summonings
 84230 | Vaults:5 | Reached skill level 14 in Necromancy
 84230 | Vaults:5 | Reached skill level 14 in Translocations
 84230 | Vaults:5 | Reached skill level 14 in Transmutations
 84230 | Vaults:5 | Reached skill level 14 in Fire Magic
 84230 | Vaults:5 | Reached skill level 14 in Air Magic
 84230 | Vaults:5 | Reached skill level 14 in Earth Magic
 84230 | Vaults:5 | Reached skill level 14 in Poison Magic
 84345 | Vaults:5 | Identified a +2 robe of resistance
 84346 | Vaults:5 | Identified the +4 ring mail "Woih" {rElec}
 84620 | Vaults:5 | Reached skill level 17 in Stealth
 84652 | Vaults:5 | Slain by a titan

Vanquished Creatures
  A dread lich (Vaults:5)
  An ancient lich (Depths:3)
  Mennas (Vaults:2)
  Josephina (Depths:3)
  the Enchantress (Depths:2)
  The ghost of Xockerhu the Minotaur Blade, an adept MiMo of Zin (Depths:1)
  3 golden dragons
  Jory (Depths:3)
  The ghost of Ymilidghe the Brawler, an adept TrGl of Elyvilon (Vaults:4)
  Zenata (Vaults:3)
  4 liches
  2 tentacled monstrosities (Vaults:5)
  4 quicksilver dragons
  A titan (Vaults:5)
  4 shadow dragons
  9 tengu reavers
  5 sphinxes
  Kirke (Lair:4)
  Donald (Snake:2)
  7 storm dragons
  The ghost of Kaexkiwk the Severer, an adept DsFi of Nemelex Xobeh (Shoals:3)
  7 fire giants
  A deep elf sorcerer (Vaults:5)
  An imperial myrmidon (Desolation)
  20 vault wardens
  A draconian scorcher (Depths:4)
  6 frost giants
  An iron dragon (Vaults:5)
  3 orc warlords
  Aizul (Shoals:3)
  4 spectral caustic shrikes (Depths:3)
  2 draconian shifters
  The ghost of PeterMcNeter the Eclecticist, an adept FeSu of Elyvilon (Lair:5)
  16 ironbound preservers
  14 stone giants
  10 very ugly things
  3 spriggan defenders (Depths:2)
  A green draconian (Depths:4)
  9 ironbound thunderhulks
  A black draconian (Depths:4)
  4 spark wasps (Depths:4)
  8 dire elephants
  A deep elf demonologist (Vaults:5)
  4 deep elf annihilators (Depths:3)
  3 halazid warlocks (Desolation)
  2 red draconians (Depths:4)
  2 entropy weavers
  5 ettins
  2 blizzard demons (IceCv)
  3 crystal guardians (Desolation)
  4 merfolk javelineers
  7 merfolk impalers
  11 yaktaur captains
  3 servants of whispers (Desolation)
  5 fire dragons
  2 salamander tyrants
  2 great orbs of eyes (Vaults:4)
  10 ragged hierophants (Desolation)
  4 ice dragons
  45 vault guards
  Erolcha (Orc:1)
  4 peacekeepers
  6 spriggan air magi
  3 rakshasas
  2 ogre magi
  A juggernaut simulacrum (Depths:3)
  5 boulder beetles
  8 ironbound frosthearts
  6 catoblepae
  An alligator snapping turtle (Shoals:4)
  8 anacondas
  15 centaur warriors
  12 hydras
  12 two-headed ogres
  6 merfolk avatars
  4 merfolk aquamancers
  11 tengu warriors
  6 deep troll earth magi
  2 naga warriors (Snake:1)
  10 death yaks
  6 satyrs
  A vampire mage (Depths:1)
  4 shock serpents
  16 naga sharpshooters
  2 deep troll shamans (Depths:2)
  Urug (Lair:2)
  14 hell knights
  Nergalle (Orc:2)
  3 salamander mystics
  3 shadow wraiths (Depths:3)
  3 skeletal warriors (D:14)
  An iron troll (Depths:3)
  A fire crab (Lair:5)
  36 deep trolls
  10 sea snakes
  2 flayed ghosts (Depths:3)
  3 phantasmal warriors
  3 naga ritualists (Snake:4)
  A harpy (shapeshifter) (Vaults:5)
  2 glowing orange brains
  6 spriggan simulacra
  13 harpies
  A bog body (IceCv)
  A lindwurm (shapeshifter) (Vaults:5)
  3 deep elf zephyrmancers (Depths:3)
  A kraken simulacrum (Shoals:4)
  20 ironbound convokers
  An obsidian statue (IceCv)
  9 wizards
  2 deep elf pyromancers
  2 necromancers
  11 orc knights
  11 orc sorcerers
  6 lindwurms
  An oklob plant (Lair:4)
  The ghost of Peppero the Gusty, a novice GnAE of Ashenzari (D:6)
  A wolf spider (Vaults:5)
  21 fauns
  9 mana vipers
  5 cyclopes
  24 ugly things
  17 manticores
  7 salamanders
  15 elephants
  10 naga magi
  13 vault sentinels
  7 guardian serpents
  7 merfolk sirens
  Maurice (D:10)
  A torpor snail (Lair:3)
  5 water nymphs
  A water nymph (shapeshifter) (Depths:2)
  31 black mambas
  2 gargoyles
  13 cane toads
  3 freezing wraiths
  A yaktaur (shapeshifter) (Vaults:5)
  9 komodo dragons
  2 rime drakes (Lair:2)
  7 entropy weaver simulacra (IceCv)
  A kobold demonologist (D:9)
  8 ice devils (IceCv)
  5 tengu conjurers
  An efreet (D:15)
  2 anaconda simulacra (IceCv)
  16 yaktaurs
  A golden dragon simulacrum (Depths:3)
  3 polar bears
  5 trolls
  12 merfolk
  2 wind drakes (Shoals:4)
  Prince Ribbit (Lair:2)
  43 saltlings (Desolation)
  A hornet (D:10)
  Grinder (D:5)
  12 blink frogs
  An iron dragon simulacrum (Depths:3)
  4 dream sheep (Shoals:3)
  37 slime creatures
  14 snapping turtles
  Sigmund (D:6)
  3 shadows
  2 vampires
  5 wyverns
  3 dire elephant simulacra (IceCv)
  2 wraiths
  39 water elementals
  55 yaks
  2 nameless horrors
  A steam dragon (D:7)
  A human (shapeshifter) (D:13)
  A redback (Vaults:4)
  A redback (shapeshifter) (Vaults:5)
  8 basilisks
  10 vampire mosquitoes
  8 minotaur simulacra (IceCv)
  22 nagas
  2 wargs (Orc:2)
  4 acid dragons
  7 hell hounds (D:15)
  4 hydra simulacra (IceCv)
  14 water moccasins
  A floating eye (shapeshifter) (Vaults:5)
  2 ice beasts
  A black bear (D:5)
  39 orc warriors
  13 ogres
  3 alligator simulacra (IceCv)
  A boggart (shapeshifter) (Vaults:5)
  3 wolves (Lair:3)
  15 centaurs
  A phantom (D:4)
  2 kobold brigands (D:9)
  16 bullfrogs
  4 deep troll simulacra (IceCv)
  3 gnoll sergeants
  3 scorpions
  11 wights
  A lindwurm simulacrum (IceCv)
  6 killer bees
  A howler monkey (D:8)
  3 quasits (D:6)
  18 orc priests
  15 jellies
  2 hounds
  A gnoll bouda (D:9)
  5 iguanas
  41 orc wizards
  12 hell rats
  8 mummies (Ossuary)
  8 adders
  14 gnolls
  A shadow imp (D:5)
  A white imp (D:6)
  3 ufetubi
  A worm (D:4)
  4 dart slugs
  122 orcs
  5 ball pythons
  7 endoplasms
  6 giant cockroaches
  19 goblins
  21 hobgoblins
  3 jackals (D:4)
  8 quokkas
  5 bats
  2 frilled lizards (D:1)
  2 gnoll zombies (Ossuary)
  2 hobgoblin zombies (Ossuary)
  5 kobolds
  4 orc zombies (Ossuary)
  2 quokka zombies (D:6)
  4 rats
  3 tentacles (Shoals:4)
1665 creatures vanquished.

Vanquished Creatures (collateral kills)
  Vashnia (Snake:3)
  3 nagarajas
  Azrael (Snake:3)
  5 naga warriors
  2 merfolk avatars
  5 shock serpents
  7 naga sharpshooters
  2 salamander mystics
  A sea snake (Shoals:4)
  An ironbound convoker (Vaults:1)
  A naga ritualist (Snake:4)
  2 manticores
  7 salamanders
  5 black mambas
  7 naga magi
  3 vault sentinels (Vaults:1)
  A wind drake (Shoals:4)
  A slime creature (Vaults:1)
  A snapping turtle (Shoals:1)
  A water elemental (Shoals:1)
  5 fire elementals (Snake:3)
  11 nagas
  3 hell hounds (Snake:3)
76 creatures vanquished.

Vanquished Creatures (others)
  The ghost of Zappman123 the Stormcaller, a journeyman TeAE of Vehumet (Orc:2)
  An ettin (Vaults:5)
  A ragged hierophant (Desolation)
  A yaktaur (Vaults:5)
  2 humans (Lair:4)
  A scorpion (D:7)
  An orc wizard (Orc:2)
  2 orcs
  A bush (Lair:3)
  196 fulminant prisms
  62 fungi
  107 plants
  A tentacle (Shoals:4)
  2 withered plants (Orc:2)
379 creatures vanquished.

Grand Total: 2120 creatures vanquished
